jf, chaotic male human Rogue --- |...| |...| |)..| |...| #....| ###|...| # # --.- # ------------ ### # ### #-..........| # `######## ###|..........|### --.--## #### ...........|# |...-# ### |..........-# ---- |...| # |..........| |..| |`..| ### ------------ |@@| |...| # ---- |....## ----- jf the Pilferer Experience level: 10 Strength: 18 Dexterity: 18 Constitution: 17 Intelligence: 11 Wisdom: 14 Charisma: 9 Health: 0(85) Energy: 46(46) Def: 13 Gold: 0 Moves: 19916 Dungeon seed: kfPky6b-7Cd6SMXq Game ID: jf_1528779588 Your Inventory: Weapons e - a +0 silver saber (weapon in hand) l - 22 +0 daggers (in quiver) B - a poisoned +0 dart Armor f - an uncursed +0 pair of leather gloves (being worn) n - an uncursed +0 dwarvish mithril-coat (being worn) o - an uncursed +0 cloak of invisibility (being worn) s - an uncursed +0 pair of speed boots (being worn) u - an uncursed +0 elven shield (being worn) N - an uncursed +0 dwarvish iron helm (being worn) Comestibles g - an uncursed eucalyptus leaf w - an uncursed lizard corpse M - an uncursed food ration Scrolls a - a blessed scroll of amnesia K - a cursed scroll of teleportation Rings Z - an uncursed ring of regeneration Wands c - a wand of sleep (0:7) i - a wand of make invisible (0:3) m - a wand of cancellation (0:5) p - a wand of secret door detection (0:13) x - a wand of striking (0:5) C - a wand of secret door detection (0:14) D - a wand of striking (0:4) G - a wand of teleportation (0:7) L - a wand of polymorph (0:5) O - a wand of undead turning (0:3) P - a wand of speed monster (0:5) S - a wand of striking (0:5) X - a wand of secret door detection (0:14) Y - a cursed wand of teleportation (0:3) Tools d - an uncursed lock pick r - a blessed bag of holding A - an uncursed blindfold H - an uncursed mirror Q - an uncursed pair of lenses T - an uncursed magic whistle Gems h - an uncursed flint stone j - an uncursed luckstone k - 2 uncursed chrysoberyl stones q - an uncursed ruby t - an uncursed worthless piece of yellow glass z - 3 uncursed worthless pieces of violet glass I - an uncursed touchstone R - 3 uncursed worthless pieces of black glass Contents of the bag of holding: 12190 gold pieces a cursed amulet of restful sleep 12 +0 daggers 2 +0 elven daggers an uncursed +0 elven leather helm an uncursed +0 helmet an uncursed +1 pair of kicking boots an uncursed +0 pair of water walking boots an uncursed C-ration 2 uncursed carrots an uncursed cram ration 2 uncursed cream pies an uncursed eucalyptus leaf 9 uncursed food rations an uncursed lembas wafer 9 uncursed lumps of royal jelly an uncursed orange an uncursed tin of newt meat 8 uncursed scrolls of blank paper a cursed scroll of blank paper a blessed scroll of confuse monster 2 uncursed scrolls of confuse monster 2 uncursed scrolls of create monster a cursed scroll of create monster an uncursed scroll of destroy armor 2 uncursed scrolls of earth a cursed scroll of enchant armor a cursed scroll of food detection a blessed scroll of genocide an uncursed scroll of gold detection an uncursed scroll of identify an uncursed scroll of light a cursed scroll of light an uncursed scroll of taming an uncursed scroll of teleportation an uncursed spellbook of light an uncursed potion of booze an uncursed potion of extra healing a cursed potion of extra healing a blessed potion of fruit juice an uncursed potion of fruit juice an uncursed potion of full healing a cursed potion of full healing 2 uncursed potions of gain level an uncursed potion of healing 2 potions of holy water an uncursed potion of invisibility 3 uncursed potions of levitation 5 uncursed potions of object detection 2 cursed potions of object detection 2 uncursed potions of paralysis an uncursed potion of polymorph 2 uncursed potions of sleeping a cursed potion of sleeping a potion of unholy water 5 uncursed potions of water an uncursed ring of conflict a cursed ring of fire resistance a cursed -2 ring of gain constitution an uncursed +1 ring of gain strength a cursed +1 ring of increase accuracy an uncursed ring of invisibility an uncursed ring of invisibility a cursed ring of levitation an uncursed ring of polymorph control an uncursed ring of protection from shape changers an uncursed ring of teleport control a cursed ring of teleportation an uncursed ring of warning a wand of light (0:11) a wand of magic missile (0:0) a can of grease (0:13) an uncursed oil lamp (0:1130) a blessed tallow candle (0:200) 3 uncursed tallow candles (0:200) 5 uncursed partly used wax candles (0:349) 4 uncursed wax candles (0:400) an uncursed agate stone 3 uncursed amethyst stones an uncursed black opal 2 uncursed diamonds 4 uncursed emeralds an uncursed obsidian stone an uncursed ruby 4 uncursed topaz stones 3 uncursed turquoise stones 3 uncursed worthless pieces of black glass 3 uncursed worthless pieces of blue glass an uncursed worthless piece of green glass 6 uncursed worthless pieces of red glass 2 uncursed worthless pieces of violet glass 4 uncursed worthless pieces of white glass an uncursed worthless piece of yellowish brown glass Spells and supernatural/magical abilities: Name Level Category Fail Memory h - healing 1 healing 100% 65% l - light 1 divination 100% 71% m - magic missile 2 attack 100% 95% n - detect monsters 1 divination 100% 67% E - detect food 2 divination 100% 89% W - pray for help -- divine ? -- Your skills at the end: Fighting Skills Weapon Skills dagger [Expert] short sword [Basic] saber [Skilled] Spellcasting Skills Final Attributes: You were piously aligned. You were cold resistant. You were poison resistant. You saw invisible. You were telepathic. You had automatic searching. You were invisible to others. You were stealthy. You aggravated monsters. You were very fast. You had extra luck. Bad luck did not time out for you. Good luck did not time out for you. Kos was angry with you. You are dead. Vanquished creatures: a baby white dragon a guard an aligned priest a golden naga 2 ghosts a watch captain a queen bee a mind flayer 5 giant mimics 4 large mimics a baby long worm 2 stalkers a water elemental 3 wargs 5 small mimics a glass piercer a xan an ettin mummy a sasquatch a wood golem 3 gelatinous cubes 3 freezing spheres a shocking sphere a large cat a tiger a dwarf king 5 tengu an ochre jelly a leocrotta an elf mummy 2 pythons a wraith 4 carnivorous apes an ettin zombie 2 leather golems 3 soldiers 4 watchmen a succubus an incubus a chameleon a crocodile 3 giant beetles a quivering blob 7 wolves 2 winter wolf cubs a panther a spotted jelly 2 leprechauns an iron piercer 2 mumakil 2 giant spiders 2 scorpions 2 horses a black light a vampire bat 2 forest centaurs 2 gnome kings an orc mummy a dwarf mummy 2 brown puddings a rust monster 3 yetis a gold golem 3 Green-elves 4 lizards 2 chickatrices a dog 3 jaguars a dwarf lord 2 blue jellies 3 dust vortices 2 plains centaurs 2 snakes 3 apes a rope golem 2 Woodland-elves 4 soldier ants 9 fire ants 6 wood nymphs 3 water nymphs a mountain nymph 2 rock piercers 2 rock moles 2 ponies 2 fog clouds 7 yellow lights 4 shriekers a violet fungus 16 gnome lords 10 gnomish wizards 3 kobold mummies 2 red naga hatchlings a black naga hatchling 3 gray oozes a barrow wight a ghoul a straw golem 3 paper golems 9 giant ants a little dog 4 floating eyes 6 kittens 24 dwarves a homunculus 5 kobold lords a kobold shaman 5 hill orcs 6 rothes 3 rabid rats 3 centipedes 4 giant bats 3 monkeys 4 orc zombies 2 dwarf zombies 3 wererats 3 werejackals 11 iguanas 34 killer bees 2 acid blobs 7 coyotes 5 gas spores 9 hobbits 9 manes 3 large kobolds 2 hobgoblins 5 giant rats 7 cave spiders 4 brown molds 4 yellow molds 2 green molds a red mold 60 gnomes 8 garter snakes 4 gnome zombies 9 geckos 13 jackals 4 foxes 5 kobolds 3 goblins 2 sewer rats 7 grid bugs 4 bats 10 lichens 4 kobold zombies 12 newts 565 creatures vanquished. Voluntary challenges: You had been an atheist until turn 3885. You used a wielded weapon 552 times, starting on turn 67. You read items or engraved 77 times, starting on turn 63. You never genocided any monsters. You never polymorphed an object. You changed form 2 times, starting on turn 3885. You used no wishes. You never split a pudding. You wrote Elbereth's name 44 times, starting on turn 761. You violated your moral code, losing 121 points of alignment, starting on turn 7500. Dungeon overview: The Dungeons of Doom: levels 1 to 17 Level 1 a long staircase Level 2 an armor shop, a fountain Level 3 stairs to The Gnomish Mines Level 4 a potion shop Level 5 some fountains Level 6 Level 7 Level 8 Level 9 Level 10 a general store, a sink stairs to Sokoban Level 11 Level 12 many fountains Level 13 Level 14 an altar to Mog, a fountain Level 15 a magic portal Level 17 <- You were here The Gnomish Mines: levels 4 to 12 Level 4 stairs to The Dungeons of Doom Level 5 Level 6 Level 7 many shops, a temple to Kos Level 8 Level 9 Level 10 Level 11 Level 12 Sokoban: levels 6 to 9 Level 6 Level 7 Level 8 Level 9 stairs to The Dungeons of Doom History has recorded: On T:1 you entered the Dungeons of Doom to retrieve the Amulet of Yendor! On T:349 you reached level 2 of The Dungeons of Doom. On T:352 you advanced to experience level 2. On T:750 you reached level 3 of The Dungeons of Doom. On T:789 you advanced to experience level 3. On T:945 you reached level 1 of The Gnomish Mines. On T:1281 you advanced to experience level 4. On T:1563 you reached level 4 of The Dungeons of Doom. On T:1961 you reached level 5 of The Dungeons of Doom. On T:2235 you reached level 6 of The Dungeons of Doom. On T:2339 you advanced to experience level 5. On T:2406 you reached level 7 of The Dungeons of Doom. On T:2638 you reached level 8 of The Dungeons of Doom. On T:2696 you reached level 9 of The Dungeons of Doom. On T:3789 you advanced to experience level 6. On T:4292 you reached level 2 of The Gnomish Mines. On T:4408 you reached level 3 of The Gnomish Mines. On T:4862 you advanced to experience level 7. On T:4990 you reached level 4 of The Gnomish Mines. On T:6007 you reached level 5 of The Gnomish Mines. On T:6177 you reached level 6 of The Gnomish Mines. On T:6372 you advanced to experience level 8. On T:8489 you advanced to experience level 9. On T:10559 you reached level 7 of The Gnomish Mines. On T:11286 you reached level 8 of The Gnomish Mines. On T:11612 you reached level 9 of The Gnomish Mines. On T:12455 you advanced to experience level 10. On T:14016 you reached level 10 of The Dungeons of Doom. On T:14509 you reached level 4 of Sokoban. On T:14869 you reached level 3 of Sokoban. On T:15672 you reached level 2 of Sokoban. On T:16111 you reached level 1 of Sokoban. On T:17603 you reached level 11 of The Dungeons of Doom. On T:17857 you reached level 12 of The Dungeons of Doom. On T:18218 you reached level 13 of The Dungeons of Doom. On T:18408 you reached level 15 of The Dungeons of Doom. On T:18439 you reached level 14 of The Dungeons of Doom. On T:19773 you reached level 17 of The Dungeons of Doom. Score breakdown: Gold: 12190 (13899 points) Experience: 10 levels (16712 points) Exploration: 17 levels ( 37.78%) (18090 points) Discoveries: 34 items ( 11.41%) (10133 points) Valuables value: (no points given unless you survive) Artifact value: 0 ( 0 points) Variety of kills: 145 monsters ( 38.06%) (18507 points) Turncount: 19916 turns (-3396 points) Survival: died (score multiplied by 80%) Total score: 59156 Latest messages: You put 3888 gold pieces into the bag. Suddenly one of the Vault's guards enters! <"Hello stranger, who are you?" -: n> "I don't know you." "You have hidden money." "Most likely all your money was stolen from this vault." "Please drop that money and follow me." "I repeat, drop that hidden money and follow me!" "You've been warned, knave!" You hit the guard! The guard wields a knife! You hit the guard! (2x) The guard thrusts his knife. The guard hits! You miss the guard. The guard thrusts his knife. The guard hits! You hit the guard! (2x) The guard thrusts his knife. The guard hits! You hit the guard! The guard thrusts his knife. The guard hits! You die... Final status: Goodbye jf the Rogue, killed by a guard... You died in The Dungeons of Doom on dungeon level 17 with 59156 points, and 12190 pieces of gold, after 19916 moves. You were level 10 with a maximum of 85 hit points when you died.